 Dungeon Crawl Stone Soup version 0.31-a0-986-g5e6e4ef867 (webtiles) character file.

Game seed: 175987064463204284

234375 Lobster4 the Warrior (level 19, -6/184 HPs)
             Began as a Hill Orc Fighter on Nov 22, 2023.
             Was the Champion of Nemelex Xobeh.
             Mangled by Mennas
             ... wielding a +1 eudemon blade of holy wrath
              (16 damage)
             ... on level 3 of the Vaults on Nov 23, 2023.
             The game lasted 02:32:06 (43663 turns).

Lobster4 the Warrior (Hill Orc Fighter)            Turns: 43663, Time: 02:32:06

Health: -6/184     AC: 21    Str: 32    XL:     19   Next: 59%
Magic:  30/30      EV: 11    Int: 14    God:    Nemelex Xobeh [******]
Gold:   2455       SH: 17    Dex: 13    Spells: 16/30 levels left

rFire   + + .        a - +7 broad axe (heavy)
rCold   + . .        A - +4 kite shield {reflect}
rNeg    + + +        m - +0 chain mail "Kion" {rN+ Str+2 Slay+2}
rPois   +            S - +0 helmet of the Hippo {Drain +Blink rN++ Int+2}
rElec   .            B - +1 cloak of the Foremost Lovers {rPois rF++ Int-2}
rCorr   .            J - +0 pair of fencer's gloves {Riposte Dex+3}
SInv    .            Q - +0 pair of boots "Diupt" {rPois Str+3 Slay+3}
Will    +....        G - amulet of the acrobat Stlth
                     y - ring of protection from cold
HPRegen 0.50/turn    Z - +6 ring of strength
MPRegen 0.22/turn

%: reflection, acrobat
@: glowing, studying 2 skills, silenced
A: no striking features
}: 1/15 runes: serpentine
a: Renounce Religion, Evoke Blink


You were on level 3 of the Vaults.
You worshipped Nemelex Xobeh.
Nemelex Xobeh was exalted by your worship.
You visited 7 branches of the dungeon, and saw 31 of its levels.
You also visited: Sewer, Bailey and Ice Cave.

You collected 4234 gold pieces.
You spent 1779 gold pieces at shops.

Inventory:

Hand Weapons
 a - a +7 heavy broad axe (weapon)
 r - a +0 morningstar of freezing
 x - a +3 war axe of flaming
 E - a +2 flail of protection
 U - a +0 broad axe
Missiles
 l - 7 javelins
 q - 18 boomerangs (quivered)
 z - 54 poisoned darts
 K - 2 datura-tipped darts
 L - 3 curare-tipped darts
Armour
 m - the +0 chain mail "Kion" (worn) {rN+ Str+2 Slay+2}
   (You found it on level 13 of the Dungeon)

   Str+2:     It affects your strength (+2).
   Slay+2:    It affects your accuracy & damage with ranged weapons and melee
   (+2).
   rN+:       It protects you from negative energy.
 n - the +1 ring mail of Satisfaction {Slay+6}
   (You found it on level 2 of the Dungeon)

   Slay+6:    It affects your accuracy & damage with ranged weapons and melee
   (+6).
 p - a +2 pair of gloves of hurling
 A - a +4 kite shield of reflection (worn)
 B - the +1 cloak of the Foremost Lovers (worn) {rPois rF++ Int-2}
   (You found it on level 4 of the Dungeon)

   Int-2:     It affects your intelligence (-2).
   rF++:      It greatly protects you from fire.
   rPois:     It protects you from poison
 J - the +0 pair of fencer's gloves (worn) {Riposte Dex+3}
   (You acquired it on level 1 of the Vaults)

   Riposte:   It allows the wearer to riposte with melee weapons, swiftly
   retaliating against missed or blocked melee attacks.
   Dex+3:     It affects your dexterity (+3).
 Q - the +0 pair of boots "Diupt" (worn) {rPois Str+3 Slay+3}
   (You bought it in a shop on level 13 of the Dungeon)

   Str+3:     It affects your strength (+3).
   Slay+3:    It affects your accuracy & damage with ranged weapons and melee
   (+3).
   rPois:     It protects you from poison
 S - the +0 helmet of the Hippo (worn) {Drain +Blink rN++ Int+2}
   (You found it on level 10 of the Dungeon)

   Int+2:     It affects your intelligence (+2).
   rN++:      It greatly protects you from negative energy.
   +Blink:    It lets you blink.
   Drain:     It drains your maximum health when unequipped.
Jewellery
 y - a ring of protection from cold (left hand)
 G - an amulet of the acrobat (around neck)
 W - an amulet of reflection
 Z - a +6 ring of strength (right hand)
Wands
 C - a wand of polymorph (38)
 D - a wand of mindburst (32)
 M - a wand of iceblast (13)
 N - a wand of flame (19)
 T - a wand of charming (6)
 V - a wand of light (17)
 X - a wand of digging (10)
Scrolls
 e - 6 scrolls of amnesia
 k - a scroll of immolation
 o - 4 scrolls of teleportation
 s - 3 scrolls of fog
 v - a scroll of poison
 w - 4 scrolls of fear
 F - 17 scrolls of identify
 I - 4 scrolls of revelation
 O - a scroll of torment
Potions
 c - 2 potions of cancellation
 d - 4 potions of resistance
 f - 2 potions of invisibility
 g - 5 potions of magic
 h - 9 potions of curing
 i - 8 potions of mutation
 j - 8 potions of haste
 t - 4 potions of brilliance
 u - 2 potions of heal wounds
 H - 6 potions of lignification
 P - a potion of might
 R - 3 potions of ambrosia
 Y - a potion of berserk rage
Miscellaneous
 b - a condenser vane


   Skills:
 + Level 19.8 Fighting
 + Level 18.9 Axes
 - Level 2.0 Throwing
 + Level 14.9 Armour
 + Level 4.7 Dodging
 + Level 14.5 Shields
 + Level 6.3 Spellcasting
 + Level 6.0 Conjurations
 - Level 3.0 Hexes
 + Level 15.4 Fire Magic
 - Level 15.0 Invocations
 - Level 6.0 Evocations


You had 16 spell levels left.
You knew the following spells:

 Your Spells              Type           Power      Damage    Failure   Level
a - Inner Flame           Hex/Fire       30%        N/A       3%          3
b - Sticky Flame          Conj/Fire      34%        2d5       7%          4
c - Volatile Blastmotes   Fire/Tloc      52%        2d14      7%          3
d - Flame Wave            Conj/Fire      34%        2d10      7%          4

Your spell library contained the following spells:

 Spells                   Type           Power      Damage    Failure   Level
 Magic Dart               Conj           84%        1d7       4%          1
 Kiss of Death            Conj/Necr      48%        2d9       16%         1
 Jinxbite                 Hex            24%        N/A       24%         2
 Static Discharge         Conj/Air       24%        3-4/arc   24%         2
 Dazzling Flash           Conj/Hex       34%        N/A       26%         3
 Ensorcelled Hibernation  Hex/Ice        16%        N/A       41%         2
 Confusing Touch          Hex            12%        N/A       43%         3
 Hailstorm                Conj/Ice       12%        3d5       43%         3
 Sting                    Tmut/Pois      16%        1d3       50%         1
 Mephitic Cloud           Conj/Pois/Air  10%        N/A       58%         3
 Blink                    Tloc           8%         N/A       63%         2
 Call Imp                 Summ           8%         N/A       63%         2
 Cigotuvi's Dreadful Rot  Necr/Pois/Air  8%         N/A       63%         2
 Poisonous Vapours        Pois/Air       8%         N/A       63%         2
 Fulminant Prism          Conj/Hex       8%         3d6       63%         4
 Iskenderun's Mystic Bla  Conj/Tloc      12%        2d5       83%         4
 Ozocubu's Armour         Ice            4%         N/A       86%         3
 Anguish                  Hex/Necr       4%         N/A       96%         4
 Leda's Liquefaction      Hex/Erth       4%         N/A       96%         4
 Airstrike                Air            2%         2d(1-17)  99%         4
 Dispel Undead            Necr           4%         3d7       99%         4
 Manifold Assault         Tloc           4%         N/A       99%         4
 Olgreb's Toxic Radiance  Pois           4%         N/A       99%         4
 Summon Ice Beast         Ice/Summ       4%         N/A       99%         4
 Summon Lightning Spire   Summ/Air       4%         N/A       99%         4
 Agony                    Necr           4%         N/A       100%        5
 Alistair's Intoxication  Tmut/Pois      2%         N/A       100%        5
 Lee's Rapid Deconstruct  Erth           2%         3d4*      100%        5
 Metabolic Englaciation   Hex/Ice        4%         N/A       100%        5
 Silence                  Hex/Air        4%         N/A       100%        5
 Summon Mana Viper        Hex/Summ       8%         N/A       100%        5
 Yara's Violent Unravell  Hex/Tmut       4%         3d4       100%        5
 Bombard                  Conj/Erth      6%         9d2       100%        6
 Eringya's Noxious Bog    Tmut/Pois      2%         4d6       100%        6
 Simulacrum               Ice/Necr       2%         N/A       100%        6
 Enfeeble                 Hex            6%         N/A       100%        7
 Monstrous Menagerie      Summ           2%         N/A       100%        7


Dungeon Overview and Level Annotations

Branches:
Dungeon (15/15)            Temple (1/1) D:4            Lair (5/5) D:9
  Swamp (1/4) Lair:3        Snake (4/4) Lair:2        Slime (0/5) Lair:4
    Orc (2/2) D:9             Elf (0/3) Orc:2        Vaults (3/5) D:14
 Depths (0/4) D:15          Sewer (visited)          Bailey (visited)
  IceCv (visited)
  Crypt: Vaults:2-3

Altars:
Ashenzari
Cheibriados
Dithmenos
Elyvilon
Fedhas
Gozag
Hepliaklqana
Kikubaaqudgha
Makhleb
Nemelex Xobeh
Okawaru
Qazlal
Ru
Sif Muna
Trog
Uskayaw
Vehumet
Wu Jian
Xom
Yredelemnul
Zin
The Shining One
Beogh
Jiyva

Shops:
D:7 :   D:12 [   D:13 *   Orc:2 [=(*   Snake:2 **=[   Snake:3 :   Vaults:1 *[(
Vaults:3 ?

Annotations:
D:6 1 exclusion
D:13 1 runed translucent door, 1 exclusion
D:15 Roxanne
Temple 2 transporters
Lair:5 1 runed translucent door
Swamp:1 Nikola
Snake:1 1 runed translucent door, wireframewife's ghost, adept GnWr
Snake:2 2 transporters, Caumakya's ghost, adept MiFi
Vaults:3 Mennas


Message History

Your centaur warrior shoots an arrow.
Mennas blocks the arrow.
Mennas gestures frantically.
Mennas is healed somewhat.
Mennas blocks your attack.
Mennas is severely wounded.
Your centaur warrior shoots an arrow.
Mennas blocks the arrow.
Your centaur warrior unwields a +0 shortbow of flaming.
It stops flaming.
Your centaur warrior hits Mennas but does no damage.
Mennas blocks your centaur warrior's attack.
Mennas gestures frantically.
Mennas's surroundings become eerily quiet.
Mennas hits your centaur warrior with a +1 eudemon blade of holy wrath!! x2
Your centaur warrior dies!
Your centaur warrior's corpse disappears in a puff of smoke!
Mennas blocks your attack.
Mennas is heavily wounded.
You block Mennas's attack.
You riposte.
Mennas blocks your attack.
Mennas is heavily wounded.
Mennas hits you but does no damage. x2; You block Mennas's attack.
Mennas blocks your attack.
Mennas is heavily wounded.
Mennas hits you with a +1 eudemon blade of holy wrath!!
Mennas hits you with a +1 eudemon blade of holy wrath.
You open Mennas like a pillowcase!!!
Mennas is almost dead.
Mennas hits you with a +1 eudemon blade of holy wrath!!
* * * LOW HITPOINT WARNING * * *
Mennas hits you but does no damage.
Mennas hits you with a +1 eudemon blade of holy wrath!!
* * * LOW HITPOINT WARNING * * *
You block Mennas's attack.
You feel much better. You block Mennas's attack.
Mennas hits you with a +1 eudemon blade of holy wrath!
* * * LOW HITPOINT WARNING * * *
Mennas hits you with a +1 eudemon blade of holy wrath!
* * * LOW HITPOINT WARNING * * *
Mennas hits you with a +1 eudemon blade of holy wrath!
You die...
Your body disappears without additional glow.

..................#......#
..................'......#
#'######...[......#......#
#......#..........#......#
#......#..........########
#......#..........#######
#......#..........#......
#......#..........#......
#......#.......A@.#......
#####+##..........+ .....
..................# ..<..
..................# ....
..................# ####
..................#
####+######.......#
#....... #.......#
#....... #.......#


You could see Mennas (silencing).

Vanquished Creatures
  Vashnia (Snake:3)
  Jorgrun (D:15)
  Rupert (D:15)
  A sphinx (Vaults:2)
  Gastronok (Lair:3)
  3 nagarajas
  3 vault wardens
  A frost giant (IceCv)
  An iron dragon (Orc:2)
  3 orc warlords
  A stone giant (Vaults:2)
  4 ironbound preservers
  A formless jellyfish (Vaults:2)
  4 eleionomae
  6 ironbound thunderhulks
  7 dire elephants
  A bunyip (Swamp:1)
  2 ettins
  A deep elf death mage (Vaults:3)
  2 great orbs of eyes
  A rakshasa (D:13)
  6 yaktaur captains
  A peacekeeper (Vaults:2)
  An ice dragon (Lair:5)
  4 salamander tyrants (Snake:4)
  An entropy weaver (Vaults:2)
  Josephine (D:11)
  7 ironbound frosthearts
  9 hydras
  6 vault guards
  6 alligators (Swamp:1)
  2 ogre magi
  A catoblepas (Lair:5)
  4 boulder beetles
  8 centaur warriors
  8 anacondas
  Erica (D:10)
  5 two-headed ogres
  15 death yaks
  2 tengu warriors (D:13)
  16 naga warriors
  3 orc high priests (Orc:2)
  7 shock serpents
  11 naga sharpshooters
  Sonja (Lair:5)
  Nergalle (D:11)
  2 salamander mystics
  A skyshark (Lair:2)
  4 skeletal warriors (D:14)
  A spriggan druid (Swamp:1)
  2 goliath frogs (Swamp:1)
  A glowing orange brain (Vaults:1)
  2 swamp dragons (Swamp:1)
  14 deep trolls
  A bog body (Swamp:1)
  10 naga ritualists
  4 ironbound convokers
  4 arcanists
  2 lindwurms (Lair:5)
  13 mana vipers
  3 harpies (Vaults:3)
  2 necromancers (D:15)
  6 orc knights
  A deep elf zephyrmancer (D:14)
  8 deep elf pyromancers
  3 manticores
  6 cyclopes
  18 ugly things
  3 salamanders
  5 elephants
  2 orc sorcerers (Orc:2)
  An ice statue (IceCv)
  9 naga magi
  8 vault sentinels
  8 guardian serpents
  40 black mambas
  2 torpor snails
  Jeremiah (D:8)
  Psyche (D:12)
  An unseen horror (D:11)
  5 rime drakes
  7 kobold demonologists
  6 cane toads
  8 yaktaurs
  2 efreet
  8 komodo dragons
  A tengu conjurer (D:15)
  A meliai (shapeshifter) (D:15)
  9 trolls
  19 polar bears
  6 hornets
  Grinder (D:5)
  A tyrant leech (Swamp:1)
  13 blink frogs
  3 raiju (Lair:5)
  9 dream sheep
  4 shadows
  20 slime creatures
  Sigmund (D:2)
  6 wraiths
  7 spriggans
  5 humans
  29 yaks
  Grum (D:8)
  5 wyverns
  A steam dragon (Bailey)
  18 vampire mosquitoes
  6 basilisks
  2 redbacks (Vaults:2)
  5 swamp worms
  6 wargs
  36 nagas
  12 water moccasins
  An acid dragon (D:12)
  14 hell hounds (Lair:5)
  23 orc warriors
  An ice beast (D:7)
  A sky beast (D:6)
  4 boggarts (Lair:4)
  16 black bears
  3 centaurs
  13 ogres
  2 phantoms (D:5)
  35 wolves
  4 lemures
  3 kobold brigands
  18 bullfrogs
  A gnoll sergeant (D:10)
  5 scorpions
  16 wights
  3 killer bees (D:9)
  2 electric eels
  3 howler monkeys
  3 gnoll boudas
  2 hounds
  10 orc priests
  2 jellies
  Crazy Yiuf (D:2)
  A sleepcap (D:4)
  6 iguanas
  Ijyb (D:5)
  19 orc wizards
  7 hell rats (Lair:5)
  20 gnolls
  10 adders
  A shadow imp (D:8)
  3 white imps
  2 ufetubi (D:6)
  2 worms
  2 dart slugs
  79 orcs
  14 bats
  9 endoplasms
  9 giant cockroaches
  12 goblins
  15 hobgoblins
  4 jackals
  6 quokkas
  7 ball pythons
  7 frilled lizards
  44 kobolds
  5 rats
1096 creatures vanquished.

Vanquished Creatures (collateral kills)
  A two-headed ogre (D:12)
  2 death yaks
  A naga sharpshooter (Snake:3)
  A skyshark (Lair:4)
  A spriggan druid (Swamp:1)
  A lindwurm (Lair:4)
  2 salamanders (Snake:4)
  A manticore (Lair:5)
  Maurice (D:12)
  2 black mambas
  A guardian serpent (Snake:4)
  5 elephants
  2 naga magi
  A cane toad (Lair:5)
  A rime drake (Lair:5)
  A polar bear (Lair:4)
  7 dream sheep
  A spriggan (Swamp:1)
  A basilisk (Lair:5)
  4 nagas
  A water moccasin (Lair:5)
  A human simulacrum (D:12)
39 creatures vanquished.

Vanquished Creatures (others)
  A nagaraja (Snake:3)
  2 vault guards (D:14)
  A deep elf zephyrmancer (D:14)
  A black mamba (Snake:2)
  A human (D:14)
  A warg (Lair:5)
  A human simulacrum (D:12)
8 creatures vanquished.

Grand Total: 1143 creatures vanquished

Notes
Turn   | Place    | Note
-------+----------+-------------------------------------------
     0 | D:1      | Lobster4 the Hill Orc Fighter began the quest for the Orb.
     0 | D:1      | Reached XP level 1. HP: 19/19 MP: 1/1
    95 | D:1      | Reached XP level 2. HP: 25/27 MP: 2/2
   303 | D:1      | Reached skill level 1 in Fire Magic
   486 | D:1      | Reached XP level 3. HP: 30/33 MP: 3/3
  1054 | D:2      | Identified the +1 ring mail of Satisfaction {Slay+6}
  1103 | D:2      | Reached skill level 4 in Fighting
  1103 | D:2      | Reached XP level 4. HP: 35/40 MP: 3/5
  1167 | D:2      | Noticed Sigmund
  1184 | D:2      | Killed Sigmund
  1185 | D:2      | Reached skill level 1 in Spellcasting
  1185 | D:2      | Reached XP level 5. HP: 13/47 MP: 5/7
  1185 | D:2      | Reached XP level 6. HP: 15/53 MP: 5/8
  1361 | D:2      | Found a runed translucent door.
  1362 | D:2      | Noticed Crazy Yiuf
  1795 | D:3      | Found a bloodstained altar of Trog.
  2351 | D:4      | Identified the +1 cloak of the Foremost Lovers {rPois rF++
                  | Int-2}
  2569 | D:4      | Found a staircase to the Ecumenical Temple.
  2578 | Temple   | Found a transporter.
  2578 | Temple   | Found a transporter.
  2578 | Temple   | Found a transporter.
  2578 | Temple   | Found a transporter.
  2578 | Temple   | Entered the Ecumenical Temple
  2592 | Temple   | Became a worshipper of Nemelex Xobeh the Trickster
  2744 | D:4      | Reached XP level 7. HP: 60/60 MP: 10/10
  3079 | D:5      | Entered Level 5 of the Dungeon
  3121 | D:5      | Reached skill level 5 in Fighting
  3121 | D:5      | Reached skill level 1 in Conjurations
  3121 | D:5      | Reached skill level 1 in Invocations
  3143 | D:5      | Noticed Grinder
  3153 | D:5      | Paralysed by Grinder for 2 turns
  3157 | D:5      | Killed Grinder
  3158 | D:5      | Reached skill level 5 in Axes
  3162 | D:5      | Reached skill level 5 in Armour
  3162 | D:5      | Reached skill level 5 in Shields
  3162 | D:5      | Reached XP level 8. HP: 62/69 MP: 11/11
  3265 | D:5      | Reached * piety under Nemelex Xobeh
  3361 | D:5      | Found a shadowy altar of Dithmenos.
  3484 | D:5      | Found a glowing drain.
  3497 | Sewer    | Entered a sewer
  3940 | D:5      | Noticed Ijyb
  3944 | D:5      | Killed Ijyb
  4219 | D:5      | Received a gift from Nemelex Xobeh
  4376 | D:6      | Identified the "Rurocre"
  4395 | D:6      | Identified the +3 robe of Caypac {rC+}
  4433 | D:6      | Reached skill level 6 in Fighting
  4442 | D:6      | Reached skill level 1 in Evocations
  4681 | D:6      | Found a broken altar of Ashenzari.
  4715 | D:6      | Reached XP level 9. HP: 74/78 MP: 12/12
  4800 | D:6      | Reached ** piety under Nemelex Xobeh
  5570 | D:7      | Reached skill level 5 in Invocations
  5712 | D:7      | Reached skill level 7 in Fighting
  5744 | D:7      | Received a gift from Nemelex Xobeh
  6004 | D:7      | Found Enolain's Vocational Training.
  6291 | D:8      | Reached skill level 5 in Fire Magic
  6366 | D:8      | Noticed Pikel
  6368 | D:8      | Noticed a hornet
  6475 | D:7      | Killed a hornet
  6476 | D:7      | Reached XP level 10. HP: 67/86 MP: 13/13
  7022 | D:8      | Pikel changed into Pikel the black mamba
  7022 | D:8      | Noticed Pikel
  7032 | D:8      | Killed Pikel the black mamba
  7033 | D:8      | Reached skill level 8 in Fighting
  7064 | D:8      | Noticed Grum
  7090 | D:8      | Found a burning altar of Makhleb.
  7134 | D:8      | Killed Grum
  7142 | D:8      | Noticed Jeremiah
  7392 | D:8      | Reached skill level 1 in Throwing
  7620 | D:9      | Reached *** piety under Nemelex Xobeh
  7640 | D:9      | Found a snail-covered altar of Cheibriados.
  7643 | D:9      | Found a hazy altar of Hepliaklqana.
  7643 | D:9      | Found a basalt altar of Yredelemnul.
  7647 | D:9      | Found an ornate altar of the Wu Jian Council.
  7713 | D:9      | Found a flagged portal.
  7774 | Bailey   | Entered a bailey
  7779 | Bailey   | Learned a level 3 spell: Inner Flame
  7850 | Bailey   | Reached skill level 1 in Hexes
  8080 | Bailey   | Received a gift from Nemelex Xobeh
  8134 | Bailey   | Noticed a two-headed ogre
  8152 | Bailey   | Killed a two-headed ogre
  8153 | Bailey   | Reached XP level 11. HP: 95/95 MP: 14/14
  8653 | D:9      | Found a roughly hewn altar of Beogh.
  8656 | D:9      | Reached skill level 9 in Fighting
  8748 | D:9      | Found a staircase to the Orcish Mines.
  9001 | D:9      | Found a staircase to the Lair.
  9165 | D:10     | Entered Level 10 of the Dungeon
  9173 | D:10     | Received a gift from Nemelex Xobeh
  9272 | D:10     | Identified the +0 helmet of the Hippo {Drain +Blink rN++
                  | Int+2}
  9379 | D:10     | Noticed Erica
  9418 | D:13     | Identified the of Bupo
  9418 | D:13     | Identified the "Punafucomo"
  9418 | D:13     | Identified the "Weomodin"
  9418 | Orc:1    | Entered Level 1 of the Orcish Mines
  9455 | Orc:1    | Noticed an orc warlord
  9595 | Lair:1   | Entered Level 1 of the Lair of Beasts
  9595 | Lair:1   | Found a white marble altar of Elyvilon.
  9922 | Lair:1   | Found the +7 staff of the Meek {protect, meekguard}
  9970 | Lair:1   | Reached **** piety under Nemelex Xobeh
 10099 | Lair:1   | Reached skill level 10 in Axes
 10340 | Lair:1   | You fall into a shaft and drop 1 floor!
 10522 | Lair:1   | Identified the +7 short sword "Lolorus" {antimagic, rElec
                  | rN+}
 10623 | Lair:1   | Reached XP level 12. HP: 106/106 MP: 17/17
 10702 | Lair:2   | Noticed a skyshark
 10715 | Lair:2   | Killed a skyshark
 10801 | Lair:2   | Reached skill level 10 in Fighting
 10850 | Lair:2   | Noticed a seven-headed hydra
 10929 | Lair:1   | Killed a seven-headed hydra
 11156 | Lair:2   | Found a staircase to the Snake Pit.
 11928 | Lair:3   | Received a gift from Nemelex Xobeh
 12092 | Lair:3   | Noticed Gastronok
 12107 | Lair:3   | Killed Gastronok
 12108 | Lair:3   | Reached skill level 5 in Evocations
 12165 | Lair:3   | Received a gift from Nemelex Xobeh
 12372 | Lair:3   | Noticed a seven-headed hydra
 12379 | Lair:3   | Killed a seven-headed hydra
 12553 | Lair:3   | Found a staircase to the Swamp.
 12553 | Lair:3   | Noticed an eleionoma
 12565 | Lair:3   | Killed an eleionoma
 12566 | Lair:3   | Reached skill level 10 in Armour
 13118 | Lair:4   | Noticed a skyshark
 13118 | Lair:4   | Noticed a death yak
 13118 | Lair:4   | Found a viscous altar of Jiyva.
 13118 | Lair:4   | Found a staircase to the Slime Pits.
 13119 | Lair:4   | Noticed a death yak
 13227 | Lair:4   | Reached ***** piety under Nemelex Xobeh
 13243 | Lair:4   | Killed a skyshark
 13244 | Lair:4   | Reached skill level 10 in Shields
 13249 | Lair:4   | Reached skill level 11 in Fighting
 13257 | Lair:4   | Reached XP level 13. HP: 54/116 MP: 19/19
 14642 | Lair:5   | Entered Level 5 of the Lair of Beasts
 14642 | Lair:5   | Received a gift from Nemelex Xobeh
 14745 | Lair:5   | Found a frozen archway.
 14745 | Lair:5   | Noticed an ice dragon
 14798 | Lair:5   | Killed an ice dragon
 15285 | IceCv    | Entered an ice cave
 15437 | IceCv    | Reached skill level 10 in Fire Magic
 15695 | IceCv    | Reached skill level 12 in Fighting
 16266 | IceCv    | Reached XP level 14. HP: 95/126 MP: 20/20
 16520 | IceCv    | Noticed a frost giant
 16527 | IceCv    | Killed a frost giant
 16664 | IceCv    | Received a gift from Nemelex Xobeh
 17032 | Lair:5   | Reached skill level 5 in Spellcasting
 17107 | Lair:5   | Noticed a dire elephant
 17128 | Lair:5   | Found the +6 arbalest "Damnation" {damnation}
 17169 | Lair:5   | Killed a dire elephant
 17938 | Lair:5   | Noticed Sonja
 17959 | Lair:5   | Killed Sonja
 17962 | Lair:5   | Reached skill level 13 in Fighting
 18293 | Lair:5   | Noticed a dire elephant
 18329 | Lair:5   | Killed a dire elephant
 18718 | Lair:5   | Received a gift from Nemelex Xobeh
 18754 | Lair:5   | Reached XP level 15. HP: 71/136 MP: 22/22
 18952 | Lair:5   | Received a gift from Nemelex Xobeh
 19142 | Lair:5   | Found a runed translucent door.
 19588 | D:10     | Killed Erica
 19657 | D:10     | Received a gift from Nemelex Xobeh
 19954 | D:10     | Reached skill level 10 in Invocations
 19970 | D:10     | Found a shimmering blue altar of Sif Muna.
 20094 | D:11     | Noticed Nergalle
 20104 | D:11     | Killed Nergalle
 20359 | D:11     | You fall into a shaft and drop 3 floors!
 20500 | D:13     | Received a gift from Nemelex Xobeh
 20560 | D:13     | Reached skill level 14 in Fighting
 21077 | D:12     | Noticed Josephine
 21085 | D:11     | Killed Josephine
 21117 | D:12     | Reached skill level 15 in Axes
 21118 | D:12     | Received a gift from Nemelex Xobeh
 21154 | D:12     | Found Ewuixel's Antique Armour Shoppe.
 21509 | D:12     | Received a gift from Nemelex Xobeh
 21599 | D:12     | Noticed Psyche
 21600 | D:12     | Noticed Maurice
 21601 | D:12     | Killed Psyche
 21611 | D:12     | Killed Maurice
 22107 | D:13     | Identified the staff "Larerit" {rC+ Str+4 Int+5 Stlth+ Ice}
 22274 | D:13     | Reached ****** piety under Nemelex Xobeh
 22274 | D:13     | Received a gift from Nemelex Xobeh
 22291 | D:13     | Found Xeusan's Assorted Antiques.
 22357 | D:13     | Identified the +0 robe of the Good {rC+++ Will- rCorr
                  | Stlth+}
 22433 | D:13     | Bought a pair of glimmering boots for 228 gold pieces
 22433 | D:13     | Identified the +0 pair of boots "Diupt" {rPois Str+3
                  | Slay+3} (You bought it in a shop on level 13 of the
                  | Dungeon)
 22594 | D:13     | Bought a glowing coppery potion for 21 gold pieces
 22598 | D:13     | Bought a white potion for 21 gold pieces
 22724 | D:13     | Found a shimmering blue altar of Sif Muna.
 22783 | D:13     | Found a runed translucent door.
 22798 | D:13     | Identified the +0 chain mail "Kion" {rN+ Str+2 Slay+2}
 22852 | D:13     | Received a gift from Nemelex Xobeh
 22976 | D:13     | Paralysed by an ogre mage for 2 turns
 23964 | D:14     | Reached skill level 1 in Dodging
 23974 | D:14     | Reached XP level 16. HP: 136/147 MP: 24/24
 24153 | D:14     | Reached skill level 15 in Fighting
 24227 | D:14     | Found a gate to the Vaults.
 24768 | D:14     | Received a gift from Nemelex Xobeh
 24987 | D:15     | Entered Level 15 of the Dungeon
 25025 | D:15     | Noticed Jorgrun
 25037 | D:15     | Killed Jorgrun
 25229 | D:15     | Noticed Rupert
 25234 | D:15     | Paralysed by Rupert for 2 turns
 25240 | D:15     | Killed Rupert
 25606 | D:15     | Found a glowing silver altar of Zin.
 25641 | D:15     | Noticed Roxanne
 25965 | D:15     | Found a staircase to the Depths.
 26058 | D:15     | Reached skill level 16 in Fighting
 26905 | Orc:2    | Entered Level 2 of the Orcish Mines
 26973 | Orc:2    | Found Cogaly's General Store.
 26984 | Orc:2    | Received a gift from Nemelex Xobeh
 27368 | Orc:2    | Found Soruexab's Antique Armour Boutique.
 27368 | Orc:2    | Noticed Saint Roka
 27374 | Orc:2    | Saint Roka changed into Saint Roka the iron dragon
 27374 | Orc:2    | Noticed Saint Roka
 27389 | Orc:2    | Killed Saint Roka the iron dragon
 27525 | Orc:2    | Found Fuokeqos's Jewellery Shoppe.
 27591 | Orc:2    | Bought a pair of slimy boots for 370 gold pieces
 27591 | Orc:2    | Identified the +0 pair of boots of Optimism {Dex+3} (You
                  | bought it in a shop on level 2 of the Orcish Mines)
 27680 | Orc:2    | Found Qiellurch's Antique Weapon Boutique.
 27833 | Orc:2    | Found a staircase to the Elven Halls.
 28064 | D:8      | Killed Jeremiah
 28499 | D:2      | Killed Crazy Yiuf
 28740 | Snake:1  | Entered Level 1 of the Snake Pit
 28740 | Snake:1  | Noticed wireframewife's ghost (adept GnWr)
 28740 | Snake:1  | Found a runed translucent door.
 28995 | Snake:1  | Received a gift from Nemelex Xobeh
 29026 | Snake:1  | Reached XP level 17. HP: 89/160 MP: 26/26
 29321 | Snake:1  | Found a glowing golden altar of the Shining One.
 29545 | Snake:1  | Received a gift from Nemelex Xobeh
 29623 | Snake:1  | Reached skill level 17 in Fighting
 30416 | Snake:1  | Received a gift from Nemelex Xobeh
 31323 | Snake:2  | Noticed Caumakya's ghost (adept MiFi)
 31656 | Snake:2  | Found Caexkousk's Jewellery Boutique.
 31658 | Snake:2  | Found Usoalut's Armour Boutique.
 31658 | Snake:2  | Found Zeatog's Assorted Antiques.
 31663 | Snake:2  | Found Omoagask's Assorted Antiques.
 31670 | Snake:2  | Bought a potion of heal wounds for 85 gold pieces
 31670 | Snake:2  | Bought a potion of heal wounds for 85 gold pieces
 31670 | Snake:2  | Bought a scroll of blinking for 127 gold pieces
 31774 | Snake:2  | Found a transporter.
 31779 | Snake:2  | You fall into a shaft and drop 1 floor!
 32436 | Snake:3  | Found Nuratuf's Book Shoppe.
 32529 | Snake:3  | Bought a book of Flames for 392 gold pieces
 32534 | Snake:3  | Learned a level 4 spell: Flame Wave
 32539 | Snake:3  | Learned a level 4 spell: Sticky Flame
 32549 | Snake:3  | Received a gift from Nemelex Xobeh
 32867 | Snake:3  | Received a gift from Nemelex Xobeh
 32979 | Snake:3  | Noticed Vashnia
 32989 | Snake:3  | Identified the +1 long sword of Wehupn {heavy, rPois Int+2}
 33243 | Snake:2  | Found a transporter.
 34026 | Snake:3  | Killed Vashnia
 34361 | Snake:3  | Reached skill level 18 in Fighting
 35107 | Snake:4  | Entered Level 4 of the Snake Pit
 35113 | Snake:4  | Received a gift from Nemelex Xobeh
 35413 | Snake:4  | Identified a scroll of acquirement
 35414 | Snake:4  | Acquired 1221 gold pieces
 35519 | Snake:4  | Received a gift from Nemelex Xobeh
 35570 | Snake:4  | Reached XP level 18. HP: 98/172 MP: 24/28
 36100 | Snake:4  | Received a gift from Nemelex Xobeh
 36286 | Snake:4  | HP: 8/172 [constriction (2)]
 37261 | Snake:4  | Got a serpentine rune of Zot
 37411 | Swamp:1  | Entered Level 1 of the Swamp
 37588 | Swamp:1  | Received a gift from Nemelex Xobeh
 38239 | Swamp:1  | Noticed Nikola
 38684 | Vaults:1 | Entered Level 1 of the Vaults
 38727 | Vaults:1 | Acquired the +0 pair of fencer's gloves {Riposte Dex+3}
 38727 | Vaults:1 | Found the +0 pair of fencer's gloves {Riposte Dex+3}
 38743 | Vaults:1 | Learned a level 3 spell: Volatile Blastmotes
 38850 | Vaults:1 | Found Romeell's Assorted Antiques.
 38859 | Vaults:1 | Bought a potion of heal wounds for 115 gold pieces
 38859 | Vaults:1 | Bought a scroll of fear for 92 gold pieces
 39203 | Vaults:1 | Found Jaosk's Armour Emporium.
 39317 | Vaults:1 | Reached skill level 19 in Fighting
 39502 | Vaults:1 | Received a gift from Nemelex Xobeh
 40062 | Vaults:1 | Found Veddaluov's Weapon Emporium.
 40141 | Vaults:1 | Reached skill level 5 in Conjurations
 40177 | Vaults:1 | Reached XP level 19. HP: 182/182 MP: 30/30
 40527 | Vaults:2 | Identified the of Zaf Lavo
 40604 | Vaults:2 | Received a gift from Nemelex Xobeh
 40950 | Vaults:2 | Acquired a manual of Fire Magic
 41390 | Vaults:2 | Reached skill level 15 in Fire Magic
 41398 | Vaults:2 | Reached skill level 15 in Invocations
 41930 | Vaults:2 | Received a gift from Nemelex Xobeh
 42823 | Vaults:3 | Received a gift from Nemelex Xobeh
 43242 | Vaults:3 | Noticed Mennas
 43252 | Vaults:3 | Found Qimoddor's Magic Scroll Emporium.
 43257 | Vaults:3 | Bought a scroll of teleportation for 54 gold pieces
 43257 | Vaults:3 | Bought a scroll of enchant weapon for 135 gold pieces
 43257 | Vaults:3 | Bought a scroll of teleportation for 54 gold pieces
 43277 | Vaults:3 | Received a gift from Nemelex Xobeh
 43633 | Vaults:3 | Received a gift from Nemelex Xobeh
 43663 | Vaults:3 | Mangled by Mennas

Illustrated notes

Levels and vault maps discovered:
D:1:      nagdon_arrival_double_spiral, layout_basic
D:2:      layout_rooms, uniq_sigmund, uniq_crazy_yiuf_cottage
D:3:      layout_rooms, bloody_trog
D:4:      layout_basic, temple_hall, chequers_serial_rivers_micro_b
D:5:      layout_basic, mainiacjoe_overflow_brackets, gup_sewer_entry_pipe,
          nicolae_figureground_sparkle, uniq_ijyb, uniq_grinder
D:6:      layout_cave_pools, evilmike_ruin_ashenzari, corexii_checkpoint,
          water_boxes_lemuel
D:7:      layout_loops_cross, nicolae_shop_vocational
D:8:      layout_basic, nicolae_overflow_crystal_walls, uniq_grum, uniq_pikel,
          uniq_jeremiah
D:9:      layout_loops_cross, grunt_temple_overflow_open, lair_entry_dummy,
          david_orc_5, enter_bailey_4, minivault_11, worms_lemuel
D:10:     old_forge, layout_cave_pools, kennysheep_mini_moat, uniq_erica
D:11:     layout_loops_cross, uniq_nergalle
D:12:     layout_roguey, serial_shops, shop, minmay_liquid_box,
          bh_circular_ruins, uniq_maurice, uniq_josephine, uniq_psyche
D:13:     minmay_the_grid_triangle_9x9_recursive_2_mashed
          [minmay_the_grid_triangle_9x9_prize_center,
          minmay_the_grid_triangle_9x9_intruding_spiral,
          minmay_the_grid_triangle_9x9_subtriangle,
          minmay_the_grid_triangle_9x9_thin_v], layout_layer_cave, serial_shops,
          nicolae_shop_hallway_plus, nicolae_sif_muna_little_library
D:14:     layout_irregular_city, ximxim_vaults_locker_room, serial_park_paths
          [serial_park_minivault_5x5_1], elves_outpost_lemuel
D:15:     hangedman_depths_entry_civil_slaughter, layout_loops_corners,
          zin_angel, uniq_jorgrun, uniq_roxanne, uniq_rupert
Temple:   hellmonk_temple_divided_pantheon
Lair:1:   layout_cave_shapes, basic_altar
Lair:2:   layout_misc_corridors, minmay_snake_entry_guardpost_small,
          beast_lair_carwin_6, grunt_megastairs_5
Lair:3:   layout_regular_city, alex1729_swamp_entry_worm_eleionoma,
          uniq_gastronok
Lair:4:   layout_roguey, minmay_slime_entry_pillars, kilobyte_rumbling_trees,
          infiniplex_staircase_pool_2
Lair:5:   hangedman_lair_in_review, layout_big_grid,
          hangedman_lair_caniforms_friends,
          portal_ice_cave_entry_animals_and_master, serial_bayou_pond_b,
          pdpol_lair_cabin_in_the_woods, uniq_sonja
Swamp:1:  layout_falls_marsh, hangedman_swamp_lotus, nicolae_swamp_small_spring,
          swamp_pool_1_2, infiniplex_staircase_pool, uniq_nikola
Snake:1:  layout_chambers, hellmonk_ghost_happy_afterlife, basic_altar
Snake:2:  layout_cave_town, gammafunk_ghost_arena, drop_trap, minmay_shoptagon
Snake:3:  layout_chambers, serial_shops, nicolae_stop_n_shop_2, uniq_vashnia
Snake:4:  johnstein_snake_rune_scales, layout_onion, nicolae_integral_box
Orc:1:    layout_caves
Orc:2:    grunt_orc_gardens, layout_caves, grunt_orc_garden, grunt_orc_garden,
          grunt_orc_garden, grunt_orc_garden, uniq_saint_roka
Vaults:1: nicolae_vaults_rhombus_6, v_misc_5, nicolae_vaults_theta, v_misc_23,
          nicolae_vaults_double_plus_3, nicolae_vaults_twisting_passages,
          nicolae_vaults_double_plus_1, hangedman_vaults_stretched_pinwheel,
          hangedman_vaults_nails, ontoclasm_vaults_hangar,
          nicolae_vaults_taking_the_gang_shopping, nicolae_vaults_trapezoid_2,
          v_misc_8, layout_vaults_omnigrid, serial_shops,
          nicolae_shop_hallway_plus, nicolae_shop_behind_doors
Vaults:2: vaults_room_hangedman_quadrants, v_misc_14, nicolae_vaults_triangles,
          v_pattern_2, nicolae_vaults_six-pack,
          hangedman_vaults_stretched_pinwheel, vaults_dpeg_hooks,
          vaults_dpeg_doors, nicolae_vaults_storage_closets_2,
          nicolae_vaults_house_2, ontoclasm_vaults_tryst,
          nicolae_vaults_cochlea, ontoclasm_vaults_ring_square,
          layout_vaults_omnicross
Vaults:3: vaults_room_fancy_cross, nicolae_vaults_door_testing_chamber,
          v_alt_pattern_6, v_misc_11, nicolae_vaults_little_squares_1,
          serial_ice_g, minmay_crypt_entry_skeletal_spiral,
          nicolae_vaults_wrenched, nicolae_vaults_weapon_check,
          vaults_dpeg_emergency_exit, layout_vaults_omnibox, serial_shops, shop,
          uniq_xtahua, uniq_jory, uniq_mennas

Skill      XL: |  1  2  3  4  5  6  7  8  9 10 11 12 13 14 15 16 17 18 19 |
---------------+----------------------------------------------------------+-----
Fire Magic     | 1 2 3 4 5 6 7 9 10 11 12 13 14 15 | 15.4
Axes           | 3 4 5 6 7 9 10 11 12 14 15 16 17 18 | 18.9
Fighting       | 4 5 6 7 8 9 11 12 13 14 16 18 19 | 19.8
Armour         | 4 5 6 8 9 10 11 12 13 14 | 14.9
Shields        | 4 5 6 8 9 10 11 12 13 14 | 14.5
Spellcasting   | 1 2 3 4 5 6 |  6.3
Conjurations   | 1 2 3 5 6 |  6.0
Invocations    | 2 4 5 6 9 11 12 13 14 15 | 15.0
Evocations     | 1 3 4 5 6 |  6.0
Throwing       | 1 2 |  2.0
Hexes          | 1 3 |  3.0
Dodging        | 1 2 3 4 |  4.7

Action                     |  1- 3 |  4- 6 |  7- 9 | 10-12 | 13-15 | 16-18 | 19-21 || total
---------------------------+-------+-------+-------+-------+-------+-------+-------++-------
  Melee: War axe           |   110 |   103 |   344 |   190 |   518 |   575 |       ||  1840
         Hand axe          |       |       |       |   357 |   399 |       |       ||   756
         Mace              |       |       |       |     9 |       |       |       ||     9
         Flail             |       |       |       |    12 |   283 |       |       ||   295
         Morningstar       |       |       |       |       |     8 |       |       ||     8
         Broad axe         |       |       |       |       |       |   272 |   156 ||   428
  Throw: Dart              |       |     3 |    11 |    22 |    23 |     9 |       ||    68
         Throwing net      |       |       |       |     3 |     2 |     1 |       ||     6
         Boomerang         |       |       |       |    70 |    70 |   151 |    10 ||   301
   Cast: Inner Flame       |       |       |       |       |     2 |    26 |     2 ||    30
         Sticky Flame      |       |       |       |       |       |     1 |       ||     1
         Volatile Blastmot |       |       |       |       |       |     2 |       ||     2
 Invoke: Draw Destruction  |       |       |       |     4 |    22 |    32 |     2 ||    60
         Draw Summoning    |       |       |       |     2 |    10 |     9 |     1 ||    22
         Draw Escape       |       |       |       |       |     2 |       |       ||     2
Ability: Evoke Blink       |       |       |       |       |     1 |       |       ||     1
  Evoke: Wand              |       |       |       |    19 |    18 |    10 |       ||    47
    Use: Scroll            |       |     8 |     5 |     7 |    19 |    11 |     6 ||    56
         Potion            |       |     1 |     1 |     1 |     8 |     9 |     1 ||    21
   Stab: Invisible         |       |       |       |     4 |     6 |       |       ||    10
         Distracted        |       |       |       |       |     3 |       |       ||     3
         Petrified         |       |       |       |       |    11 |       |       ||    11
         Held in net/web   |       |       |       |       |     1 |       |       ||     1
 Armour: Scale mail        |    77 |       |       |       |       |       |       ||    77
         Ring mail         |    11 |    51 |   259 |   446 |   807 |   531 |    45 ||  2150
         Chain mail        |       |       |       |       |       |       |    60 ||    60
  Dodge: Dodged            |    56 |    41 |   153 |   272 |   407 |   315 |    60 ||  1304
  Block: Buckler           |    19 |    15 |       |       |       |       |       ||    34
         Kite shield       |       |    20 |   218 |   337 |   709 |   569 |   102 ||  1955
         Reflection        |       |       |       |       |    10 |    76 |    14 ||   100
Riposte: Broad axe         |       |       |       |       |       |    16 |    28 ||    44

Table legend: (Time is in decaauts)
 A = Elapsed time spent in this place.
 B = Non-inter-level travel time spent in this place.
 C = Inter-level travel time spent in this place.
 D = Time resting spent in this place.
 E = Time spent auto-exploring this place.
 F = Levels seen in this place.
 G = Mean time per level.
                   A        B        C        D        E       F      G
               +--------+--------+--------+--------+--------+-----+--------+
         Total |  44058 |  41766 |   2292 |  10564 |  21533 |  34 | 1295.8 |
       Dungeon |  17421 |  15873 |   1548 |   1950 |  10138 |  15 | 1161.4 |
        Temple |     28 |     16 |     12 |      0 |      0 |   1 |   28.0 |
          Lair |   8128 |   7822 |    306 |   2151 |   3567 |   5 | 1625.6 |
         Swamp |   1115 |   1103 |     12 |    629 |    252 |   1 | 1115.0 |
     Snake Pit |   8655 |   8427 |    228 |   3349 |   3646 |   4 | 2163.8 |
  Orcish Mines |   1348 |   1263 |     85 |    169 |    692 |   2 |  674.0 |
        Vaults |   5010 |   4911 |     99 |   1217 |   2766 |   3 | 1670.0 |
         Sewer |    269 |    269 |      0 |      0 |    151 |   1 |  269.0 |
        Bailey |    567 |    567 |      0 |    312 |     36 |   1 |  567.0 |
      Ice Cave |   1512 |   1512 |      0 |    786 |    283 |   1 | 1512.0 |
               +--------+--------+--------+--------+--------+-----+--------+

Top non-repeatable levels by time:
 Snake:3: 3016 daAuts
  Lair:5: 2907 daAuts
 Snake:1: 1985 daAuts
    D:13: 1940 daAuts
 Snake:4: 1920 daAuts
Vaults:1: 1856 daAuts
Vaults:2: 1853 daAuts
     D:9: 1782 daAuts
 Snake:2: 1733 daAuts
  Lair:4: 1655 daAuts
     D:7: 1589 daAuts
    D:15: 1546 daAuts
   IceCv: 1512 daAuts
  Lair:3: 1510 daAuts
    D:14: 1430 daAuts
